 Dungeon Crawl Stone Soup version 0.16.1-25-gbcee3f8 (webtiles) character file.

211 MercyWheel the Conjurer (level 5, -2/28 HPs)
             Began as a Gargoyle Wizard on May 22, 2015.
             Was an Initiate of Vehumet.
             Killed by divine providence
             ... invoked by an orc priest
              (16 damage)
             ... on level 3 of the Dungeon.
             The game lasted 00:11:35 (1822 turns).

MercyWheel the Conjurer (Gargoyle Wizard)           Turns: 1822, Time: 00:11:36

Health: -2/28      AC:  6    Str: 11    XL:     5   Next: 88%
Magic:  8/13       EV: 12    Int: 19    God:    Vehumet [......]
Gold:   157        SH:  0    Dex: 15    Spells: 3 memorised, 6 levels left

rFire  . . .     SeeInvis .     z - +11 spear of Premature Burial {drain, rElec rPois Dex+7}
rCold  . . .     Clarity  .     u - +0 robe
rNeg   + . .     SustAb   .     (no shield)
rPois  ∞         Gourm    .     b - +0 hat
rElec  +         Spirit   .     (no cloak)
rCorr  .         Warding  .     (no gloves)
rMut   .         Stasis   .     (no boots)
MR     .....                    (no amulet)
Stlth  ++........               (no ring)
                                (no ring)

@: very slightly contaminated, not resistant to hostile enchantments, unstealthy
A: negative energy resistance 1, electricity resistance, unbreathing,
petrification resistance, rot immunity, AC +4
a: Renounce Religion


You were on level 3 of the Dungeon.
You worshipped Vehumet.
Vehumet was noncommittal.
You were hungry.

You visited 1 branch of the dungeon, and saw 4 of its levels.

You collected 157 gold pieces.

Inventory:

Hand weapons
 e - a +0 whip
 f - a +3 dagger of venom
 z - the +11 spear of Premature Burial (weapon) {drain, rElec rPois Dex+7}
   (You found it on level 4 of the Dungeon)

   A truly terrible weapon, it drains the life of those it strikes.
   It affects your dexterity (+7).
   It insulates you from electricity.
   It protects you from poison.
Armour
 a - a +0 robe
 b - a +0 hat (worn)
 u - a +0 robe (worn)
Magical devices
 w - a wand of polymorph (9)
Scrolls
 h - a scroll of enchant armour {unknown}
 i - 3 scrolls of teleportation {unknown}
 o - 8 scrolls of identify {unknown}
 q - a scroll of fog {unknown}
 r - a scroll of remove curse {unknown}
 x - a scroll of recharging {unknown}
 y - 2 scrolls of amnesia {unknown}
 A - a scroll of immolation {unknown}
Potions
 j - a potion of might {unknown}
 k - a potion of lignification {unknown}
 l - 2 potions of curing {unknown}
 n - 2 potions of restore abilities {unknown}
 p - 2 potions of magic {unknown}
 s - a potion of berserk rage {unknown}
 t - a potion of ambrosia {unknown}
 v - a potion of haste {unknown}
 B - a potion of mutation {unknown}
 D - a potion of cancellation {unknown}
Books
 c - a book of Minor Magic

   Spells                             Type                      Level
   a - Magic Dart                     Conjuration                  1
   b - Blink                          Translocation                2
   c - Call Imp                       Summoning                    2
   d - Repel Missiles                 Charms/Air                   2
   e - Slow                           Hexes                        2
   f - Conjure Flame                  Conjuration/Fire             3
   g - Mephitic Cloud                 Conjuration/Poison/Air       3
Comestibles
 d - 2 bread rations
 g - a beef jerky
 m - a meat ration


   Skills:
 - Level 0.4 Fighting
 - Level 1.5 Dodging
 - Level 2.1 Stealth
 - Level 4.0 Spellcasting
 - Level 5.0 Conjurations
   Level 0.8 Summonings
 - Level 1.0 Translocations
 + Level 0.2 Air Magic


You had 6 spell levels left.
You knew the following spells:

 Your Spells              Type           Power        Failure   Level  Hunger
a - Magic Dart            Conj           ###.         1%          1    None
b - Mephitic Cloud        Conj/Pois/Air  ##......     21%         3    ###....
c - Blink                 Tloc           N/A          14%         2    ##.....


Dungeon Overview and Level Annotations

Branches:
Dungeon (4/15)
 Temple: D:4-7

Altars:
Nemelex Xobeh
Trog
Vehumet
Yredelemnul
Zin


Innate Abilities, Weirdness & Mutations

You are resistant to torment.
You are immune to poison.
Your stone body is very resilient (AC +4).
You resist negative energy.
You are resistant to electric shocks.
You can survive without breathing.
You are immune to petrification.
You are immune to rotting.


Message History

Something smites you!
Ouch! That really hurt!
You hear a shout!
Casting: Mephitic Cloud
Confirm with . or Enter, or press ? or * to list all spells.
Aiming: Mephitic Cloud
Press: ? - help, Shift-Dir - straight line, f/p - orc priest
Aim: an orc priest, wielding an enchanted flail The ball explodes into a vile cloud!
The stinking cloud engulfs the orc priest.
You are feeling hungry.
Something hits the orc priest.
The orc priest is engulfed in noxious fumes.
The orc priest appears confused.
The orc priest hits something with an enchanted flail.
The orc priest calls upon Beogh to heal something.
The orc priest invokes the aid of Beogh against you.
Something smites you!
Ouch! That really hurt!
You die...

#.# ##.##.##.##.#
#.# #........#.# ..#
#####.#..#.### #
#....#...#
##...###.# ) #####
#.......# #o. ##...#
#.>###### ..o§#
#..#.#######.#
#..o.##..#..@......#
#o.......########
##.#.#.### .....#.#
####....# ######


You could see an orc priest.

Vanquished Creatures
  Natasha (D:3)
  2 worker ants (D:4)
  Jessica (D:2)
  5 adders
  3 gnolls (D:3)
  A giant gecko (D:3)
  2 orcs (D:3)
  A bat skeleton (D:4)
  3 giant cockroaches
  5 hobgoblins
  3 jackals (D:2)
  9 kobolds
  7 bats
  3 giant newts
  7 goblins
  A rat (D:1)
54 creatures vanquished.

Notes
Turn   | Place    | Note
--------------------------------------------------------------
     0 | D:1      | MercyWheel, the Gargoyle Wizard, began the quest for the Orb.
     0 | D:1      | Reached XP level 1. HP: 10/10 MP: 4/4
   163 | D:1      | Reached XP level 2. HP: 15/15 MP: 6/6
   396 | D:2      | Reached XP level 3. HP: 7/20 MP: 0/7
   726 | D:2      | Noticed Jessica
   732 | D:2      | Killed Jessica
   732 | D:2      | Reached skill level 4 in Conjurations
   732 | D:2      | Reached XP level 4. HP: 13/24 MP: 1/9
   901 | D:3      | Learned a level 3 spell: Mephitic Cloud
  1162 | D:4      | Found a sparkling altar of Nemelex Xobeh.
  1162 | D:4      | Found a glowing silver altar of Zin.
  1162 | D:4      | Found a basalt altar of Yredelemnul.
  1166 | D:4      | Found a bloodstained altar of Trog.
  1215 | D:4      | Reached skill level 5 in Conjurations
  1215 | D:4      | Reached XP level 5. HP: 28/28 MP: 2/11
  1224 | D:4      | Got a fine spear
  1237 | D:4      | Identified the +11 spear of Premature Burial {drain, rElec rPois Dex+7} (You found it on level 4 of the Dungeon)
  1398 | D:4      | Noticed an ogre
  1428 | D:3      | Found a radiant altar of Vehumet.
  1440 | D:3      | Became a worshipper of Vehumet
  1444 | D:3      | Learned a level 2 spell: Blink
  1590 | D:3      | Reached skill level 1 in Translocations
  1591 | D:3      | Noticed Natasha
  1602 | D:3      | Killed Natasha
  1822 | D:3      | Killed from afar by an orc priest

Action                   |  1- 3 |  4- 6 || total
-------------------------+-------+-------++-------
Melee: Dagger            |    25 |    28 ||    53
       Spear             |       |    26 ||    26
 Cast: Magic Dart        |    48 |    35 ||    83
       Blink             |       |     4 ||     4
       Mephitic Cloud    |       |     3 ||     3
  Use: Potion            |     1 |       ||     1
 Stab: Invisible         |     1 |       ||     1
       Sleeping          |       |     2 ||     2
       Confused          |       |     1 ||     1
  Eat: Chunk             |       |     3 ||     3
